 Seeded DCSS version 0.30-a0-930-gb9d0489357 (webtiles) character file.

Game seed: 3425090202442293766 (custom seed)

56690 valliere the Spry (level 14, 0/108 HPs)
             Began as a Spriggan Artificer on Mar 22, 2023.
             Was the Champion of Dithmenos.
             Slain by a merfolk
             ... wielding a +0 trident
              (11 damage)
             ... on level 1 of the Shoals on Mar 23, 2023.
             The game lasted 01:08:58 (17968 turns).

valliere the Spry (Spriggan Artificer)             Turns: 17968, Time: 01:08:58

Health: 0/108      AC: 27    Str: 10    XL:     14   Next: 43%
Magic:  28/28      EV:  4    Int: 17    God:    Dithmenos [******]
Gold:   1116       SH:  0    Dex: 18    Spells: 19/19 levels left

rFire   . . .      SeeInvis +    T - +1 short sword (drain)
rCold   + . .      Faith    .    y - +3 warlock's mirror {omnireflect}
rNeg    . . .      Spirit   .    D - melded +2 robe of a Hundred Friends {rElec Str+4 Int-5 Slay+3}
rPois   +          Reflect  +    S - melded +2 hat
rElec   .          Rampage  .    M - melded +0 cloak
rCorr   .          NoTele   +    (gloves unavailable)
Will    +++..                    (boots unavailable)
Stlth   ++++                     Z - amulet of regeneration
HPRegen 1.18/turn                j - ring "Plog" {rC+ Will+ Int+4 Slay+5}
MPRegen 0.21/turn                E - ring of magical power

@: confused, tree-form, ambrosia-drunk, wreathed by umbra, studying 2 skills
A: stationary, stasis, torment immunity, boosted hp, very small, no large
weapons, unfitting armour, see invisible, (speed 3)
a: Renounce Religion, Shadow Step, Shadow Form


You were on level 1 of the Shoals.
You worshipped Dithmenos.
Dithmenos was exalted by your worship.
You were a tree.
You visited 4 branches of the dungeon, and saw 17 of its levels.
You also visited: Bailey.

You collected 1160 gold pieces.
You spent 44 gold pieces at shops.

Inventory:

Hand Weapons
 s - a +0 falchion of holy wrath
 T - a +1 short sword of draining (weapon)
 V - a +2 dagger of chaos
Missiles
 m - 4 throwing nets
 N - 4 atropa-tipped darts
 O - 17 poisoned darts (quivered)
 P - 7 curare-tipped darts
Armour
 y - the +3 warlock's mirror (worn) {omnireflect}
   (You acquired it on level 3 of the Dungeon)

   Omnireflect: It can block and reflect piercing ranged attacks and magical
   attacks against the wielder's willpower.
 D - the +2 robe of a Hundred Friends (melded) {rElec Str+4 Int-5 Slay+3}
   (You found it on level 5 of the Dungeon)

   Str:       It affects your strength (+4).
   Int:       It affects your intelligence (-5).
   Slay:      It affects your accuracy & damage with ranged weapons and melee
   (+3).
   rElec:     It insulates you from electricity.
 M - a +0 cloak (melded)
 S - a +2 hat (melded)
Jewellery
 h - an amulet of guardian spirit
 j - the ring "Plog" (left branch) {rC+ Will+ Int+4 Slay+5}
   (You acquired it on level 3 of the Dungeon)

   [ring of protection from cold]

   Int:       It affects your intelligence (+4).
   Slay:      It affects your accuracy & damage with ranged weapons and melee
   (+5).
   rC:        It protects you from cold.
   Will:      It increases your willpower.
 E - a ring of magical power (right branch)
 Z - an amulet of regeneration (around neck)
Wands
 d - a wand of charming (20)
 e - a wand of iceblast (5)
 g - a wand of mindburst (9)
 C - a wand of flame (7)
 U - a wand of polymorph (3)
 X - a wand of light (4)
Scrolls
 a - 3 scrolls of blinking
 k - 3 scrolls of enchant armour
 l - 5 scrolls of magic mapping
 q - 4 scrolls of silence
 r - 3 scrolls of fear {unknown}
 u - a scroll of immolation {unknown}
 v - 4 scrolls of fog
 x - 11 scrolls of teleportation
 G - 2 scrolls of vulnerability
 H - 2 scrolls of enchant weapon {unknown}
 J - a scroll of amnesia {unknown}
 Q - 2 scrolls of poison {unknown}
 Y - 2 scrolls of brand weapon {unknown}
Potions
 n - 12 potions of curing
 o - a potion of cancellation {unknown}
 p - 3 potions of brilliance
 t - a potion of ambrosia
 z - 3 potions of haste {unknown}
 A - 3 potions of might {unknown}
 B - a potion of flight {unknown}
 F - 3 potions of lignification
 I - a potion of resistance
 K - 3 potions of magic {unknown}
 L - 3 potions of mutation {unknown}
 R - 2 potions of invisibility {unknown}
Miscellaneous
 b - a condenser vane (inert)
 W - a phial of floods (inert)


   Skills:
 + Level 7.3 Fighting
 - Level 7.1(10.3) Short Blades
 + Level 9.0(9.7) Long Blades
 + Level 6.6 Armour
 * Level 19.9 Dodging
 * Level 16.5 Stealth
 + Level 6.2 Shields
 - Level 3.1 Spellcasting
 - Level 2.2 Poison Magic
 + Level 16.2 Evocations


You had 19 spell levels left.
You didn't know any spells.
Your spell library contained the following spells:

 Spells                   Type           Power      Damage    Failure   Level
 Poisonous Vapours        Pois/Air       12%        N/A       30%         2
 Foxfire                  Conj/Fire      8%         2x1d4     32%         1
 Kiss of Death            Conj/Necr      8%         2d6       32%         1
 Magic Dart               Conj           8%         1d3       32%         1
 Necrotise                Necr           8%         1d4       32%         1
 Cigotuvi's Dreadful Rot  Necr/Pois/Air  10%        N/A       34%         2
 Blink                    Tloc           4%         N/A       43%         2
 Searing Ray              Conj           4%         2d4       43%         2
 Sublimation of Blood     Necr           2%         N/A       43%         2
 Wereblood                Tmut           2%         N/A       43%         2
 Mephitic Cloud           Conj/Pois/Air  5%         N/A       56%         3
 Portal Projectile        Hex/Tloc       4%         N/A       67%         3
 Tukima's Dance           Hex            2%         N/A       67%         3
 Vampiric Draining        Necr           2%         2d6       67%         3
 Animate Dead             Necr           2%         N/A       97%         4
 Fulminant Prism          Conj/Hex       1%         3d5       97%         4
 Manifold Assault         Tloc           2%         N/A       97%         4
 Blade Hands              Tmut           1%         N/A       100%        5
 Fireball                 Conj/Fire      1%         3d3       100%        5
 Starburst                Conj/Fire      1%         6d3       100%        6
 Haunt                    Necr/Summ      1%         N/A       100%        7
 Storm Form               Tmut/Air       1%         N/A       100%        7
 Summon Hydra             Summ           1%         N/A       100%        7
 Infestation              Necr           1%         N/A       100%        8


Dungeon Overview and Level Annotations

Branches:
Dungeon (10/15)            Temple (1/1) D:5            Lair (5/5) D:10
 Shoals (1/4) Lair:3        Snake (0/4) Lair:3          Orc (0/2) D:10
 Bailey (visited)
  Slime: Lair:4-5

Altars:
Ashenzari
Cheibriados
Dithmenos
Elyvilon
Fedhas
Gozag
Hepliaklqana
Kikubaaqudgha
Makhleb
Nemelex Xobeh
Okawaru
Qazlal
Ru
Sif Muna
Trog
Uskayaw
Vehumet
Wu Jian
Xom
Yredelemnul
Zin
The Shining One

Shops:
D:2 ?(   D:6 *=

Annotations:
D:3 Grinder
D:6 3 runed translucent doors, Iniera's ghost, novice DsCj
D:9 2 transporters, OrthodoxDeviant's ghost, journeyman TeAE
Temple 2 transporters


Innate Abilities, Weirdness & Mutations

You are a tree.
Your roots penetrate the ground, keeping you stationary.
You cannot be teleported.
You are immune to unholy pain and torment.
Your maximum health is greatly increased.
Your equipment is partially melded.
You are very small and have problems with some larger weapons.
You are too small for most types of armour.
You have supernaturally acute eyesight. (SInv)
((You cover ground extremely quickly. (Speed+++)))


Message History

The merfolk hits you but does no damage.
You miss the merfolk.
The merfolk is moderately wounded.
You block the merfolk's attack. The merfolk hits you with a +0 trident!
* * * LOW HITPOINT WARNING * * *
You hit the merfolk. You drain the merfolk.
The merfolk is moderately wounded.
You block the merfolk's attack. The merfolk hits you with a +0 trident.
* * * LOW HITPOINT WARNING * * *
You hit the merfolk.
The merfolk is heavily wounded.
The merfolk barely misses you.
You hit the merfolk. You drain the merfolk.
The merfolk is severely wounded.
Your shadow hits the merfolk but does no damage.
The merfolk hits you but does no damage.
The merfolk hits you with a +0 trident!
* * * LOW HITPOINT WARNING * * *
Okay, then.
You barely miss the merfolk.
The merfolk is severely wounded.
You block the merfolk's attack.
The merfolk hits you but does no damage.
Okay, then.
Okay, then.
You are confused.
You feel invigorated.
The merfolk hits you but does no damage.
The merfolk barely misses you.
The merfolk hits you but does no damage.
You cannot move. (Use ctrl+direction or * direction to attack while stationary and confused.)
You attack the rock wall.
The merfolk hits you but does no damage.
The merfolk hits you with a +0 trident.
* * * LOW HITPOINT WARNING * * *
You completely miss the merfolk.
The merfolk is severely wounded.
Your shadow hits the merfolk but does no damage.
The merfolk hits you from afar with a +0 trident!
You die...

~~.~~~......~~...
.~~~~~....~...... ####
≈≈≈≈≈#####~...... ..~~#
~~~~##~~~........ ~~~~~#
m~##~~~).......~
~.....##+##~~~).......~~
#.§.§~§~~~~.###......~
##~~.##.§m§§m~~~##........~ ~
##~~~~~##§m♣§§~~##..........
~#####≈≈≈≈≈≈≈#########..........P
~~~~~~~~~~~....~~~≈~~~~.......P.P
~~~~~~≈~~~.....~~~≈~~~~...P..P.P.
~~~~~~~~~≈~~~..~~~~~~~.......P.PP
~~~~~....~.~~...~~~~~..##.....P.P
~~~~....^.......~~~~~.####.)#.P..
~~~~~.##..).~~...~~~~.# ##..#P.P.
~~~~~........###..~~..###)PP.....


You could see 3 merfolk.

Vanquished Creatures
  A merfolk impaler (Shoals:1)
  A vault guard (Bailey)
  8 hydras
  A merfolk avatar (Shoals:1)
  A catoblepas (Lair:2)
  2 death yaks (Lair:1)
  2 thrashing horrors
  Sonja (Lair:3)
  Amaemon (Lair:1)
  4 skysharks
  Pikel (D:9)
  A harpy (Lair:2)
  3 lindwurms
  2 ugly things
  22 elephants
  A smoke demon (Lair:5)
  A merfolk siren (Shoals:1)
  3 black mambas
  An orange demon (Lair:1)
  6 cane toads
  Psyche (D:9)
  10 komodo dragons
  7 merfolk (Shoals:1)
  3 polar bears
  Prince Ribbit (Bailey)
  A troll (D:10)
  A wind drake (Shoals:1)
  A tarantella (shapeshifter) (Lair:2)
  11 blink frogs
  A large abomination (Lair:4)
  A snapping turtle (Shoals:1)
  A hornet (shapeshifter) (Lair:1)
  A hornet (D:8)
  Sigmund (D:3)
  4 dream sheep (Lair:3)
  4 wyverns
  56 yaks
  2 ynoxinuls (Lair:5)
  10 humans
  2 chaos spawn
  4 vampire mosquitoes (D:9)
  A steam dragon (D:8)
  2 wargs (D:10)
  5 basilisks
  An acid dragon (D:10)
  3 nagas (Lair:3)
  10 water moccasins
  A floating eye (shapeshifter) (Lair:5)
  2 ice beasts
  A sky beast (D:7)
  4 orc warriors
  3 black bears
  3 ogres
  12 wolves
  4 centaurs
  2 kobold brigands
  A gnoll sergeant (D:6)
  3 scorpions (D:6)
  10 small abominations
  16 bullfrogs
  An electric eel (Lair:3)
  3 howler monkeys (D:7)
  A crimson imp (D:4)
  11 hounds
  A jelly (D:6)
  7 orc priests
  2 sleepcaps (D:6)
  2 iguanas (D:6)
  Terence (D:3)
  5 orc wizards
  3 gnolls (D:6)
  6 adders
  A shadow imp (D:5)
  A worm (D:2)
  14 dart slugs
  33 orcs
  9 ball pythons
  7 bats
  5 endoplasms
  3 giant cockroaches
  13 goblins
  9 hobgoblins
  A jackal (D:7)
  11 kobolds
  A quokka (D:2)
  4 frilled lizards
  A goblin skeleton (D:4)
  A goblin zombie (D:4)
  A hobgoblin zombie (D:4)
  A kobold skeleton (D:4)
  2 kobold zombies (D:4)
  An orc skeleton (D:4)
  12 rats
444 creatures vanquished.

Vanquished Creatures (collateral kills)
  An orc priest (D:10)
  An orc wizard (D:10)
  An orc (D:10)
3 creatures vanquished.

Vanquished Creatures (others)
  A warg zombie (D:10)
  48 fungi
  43 plants
92 creatures vanquished.

Grand Total: 539 creatures vanquished

Notes
Turn   | Place    | Note
-------+----------+-------------------------------------------
     0 | D:1      | valliere the Spriggan Artificer began the quest for the
                  | Orb.
     0 | D:1      | Reached XP level 1. HP: 9/9 MP: 2/2
     7 | D:1      | Identified a scroll of acquirement
     7 | D:1      | Acquired a manual of Evocations
   112 | D:1      | Acquired a manual of Dodging
   157 | D:1      | Reached skill level 1 in Fighting
   157 | D:1      | Reached XP level 2. HP: 7/14 MP: 3/3
   278 | D:1      | Reached skill level 4 in Dodging
   571 | D:1      | Found a faded altar of an unknown god.
   577 | D:1      | Prayed at the altar of an unknown god.
   577 | D:1      | Became a worshipper of Kikubaaqudgha
   577 | D:1      | Reached * piety under Kikubaaqudgha
   577 | D:1      | Received a gift from Kikubaaqudgha
   756 | D:1      | Fell from the grace of Kikubaaqudgha
   849 | D:2      | Found Nareh's Weapon Boutique.
   860 | D:2      | Reached XP level 3. HP: 10/18 MP: 4/4
  1255 | D:2      | Reached skill level 5 in Evocations
  1283 | D:2      | Reached skill level 5 in Dodging
  1324 | D:2      | Reached XP level 4. HP: 8/22 MP: 5/5
  1600 | D:2      | Reached skill level 1 in Armour
  1833 | D:2      | Found Lipoy's Magic Scroll Boutique.
  1848 | D:2      | Bought a scroll of identify for 22 gold pieces
  1848 | D:2      | Bought a scroll of identify for 22 gold pieces
  2550 | D:3      | Noticed Sigmund
  2693 | D:3      | Killed Sigmund
  2694 | D:3      | Reached skill level 7 in Dodging
  2694 | D:3      | Reached XP level 5. HP: 17/26 MP: 6/6
  2694 | D:3      | Reached XP level 6. HP: 20/30 MP: 7/7
  2847 | D:3      | Noticed Terence
  2869 | D:3      | Killed Terence
  3194 | D:4      | Noticed Grinder
  3278 | D:3      | Acquired the +3 warlock's mirror {omnireflect}
  3278 | D:3      | Found the +3 warlock's mirror {omnireflect}
  3285 | D:3      | Acquired the ring "Plog" {rC+ Will+ Int+4 Slay+5}
  3697 | D:4      | Found a glowing golden altar of the Shining One.
  3724 | D:4      | Reached skill level 8 in Dodging
  4303 | D:4      | Found a white marble altar of Elyvilon.
  4303 | D:4      | Found a basalt altar of Yredelemnul.
  4304 | D:4      | Found an ornate altar of the Wu Jian Council.
  4649 | D:5      | Entered Level 5 of the Dungeon
  4657 | D:5      | Reached XP level 7. HP: 35/35 MP: 8/8
  4663 | D:5      | Identified the +2 robe of a Hundred Friends {rElec Str+4
                  | Int-5 Slay+3}
  5073 | D:5      | Found an iron altar of Okawaru.
  5130 | D:5      | Reached skill level 5 in Stealth
  5219 | D:5      | Found a staircase to the Ecumenical Temple.
  5240 | Temple   | Entered the Ecumenical Temple
  5240 | Temple   | Found a transporter.
  5240 | Temple   | Found a transporter.
  5242 | Temple   | Found a transporter.
  5242 | Temple   | Found a transporter.
  5258 | Temple   | Became a worshipper of Dithmenos the Shadowed
  5281 | Temple   | Reached skill level 9 in Dodging
  5281 | Temple   | Reached skill level 1 in Shields
  5701 | D:5      | Reached skill level 10 in Dodging
  5943 | D:6      | Reached XP level 8. HP: 36/40 MP: 9/9
  6036 | D:6      | Found a bloodstained altar of Trog.
  6198 | D:6      | Found Kausagei's Jewellery Shop.
  6211 | D:6      | Found Xyeg's General Store.
  6255 | D:6      | Found a glowing silver altar of Zin.
  6290 | D:6      | Found a runed translucent gate.
  6291 | D:6      | Found a runed translucent gate.
  6292 | D:6      | Found a runed translucent gate.
  6293 | D:6      | Noticed Iniera's ghost (novice DsCj)
  6310 | D:6      | Reached skill level 11 in Dodging
  6937 | D:6      | Reached skill level 1 in Long Blades
  6952 | D:6      | Reached skill level 12 in Dodging
  6960 | D:7      | Reached * piety under Dithmenos
  7080 | D:7      | Reached skill level 1 in Short Blades
  7080 | D:7      | Reached XP level 9. HP: 44/45 MP: 10/10
  7483 | D:7      | Reached skill level 13 in Dodging
  7491 | D:7      | Reached skill level 10 in Evocations
  7561 | D:7      | Reached skill level 14 in Dodging
  7561 | D:7      | Reached XP level 10. HP: 42/51 MP: 11/11
  7573 | D:7      | Reached ** piety under Dithmenos
  7747 | D:8      | Found a hide-covered altar of Uskayaw.
  8226 | D:8      | Noticed a purple ugly thing
  8316 | D:8      | Killed a purple ugly thing
  8348 | D:8      | Was forgiven by Kikubaaqudgha
  8810 | D:9      | Noticed a moth of wrath
  8820 | D:9      | Found a transporter.
  8824 | D:9      | Noticed OrthodoxDeviant's ghost (journeyman TeAE)
  8840 | D:9      | Found a transporter.
  8994 | D:9      | Found a stormy altar of Qazlal.
  9184 | D:9      | Noticed Psyche
  9208 | D:9      | Killed Psyche
  9209 | D:9      | Reached skill level 15 in Dodging
  9315 | D:9      | Noticed Pikel
  9334 | D:9      | Killed Pikel
  9335 | D:9      | Reached skill level 1 in Spellcasting
  9377 | D:9      | Reached skill level 1 in Poison Magic
  9740 | D:9      | Reached skill level 10 in Stealth
  9905 | D:10     | Entered Level 10 of the Dungeon
  9954 | D:10     | Found a staircase to the Lair.
  9974 | D:10     | Found an opulent altar of Gozag.
  9975 | D:10     | Found a sparkling altar of Nemelex Xobeh.
  9982 | D:10     | Reached XP level 11. HP: 54/54 MP: 14/14
  9992 | D:10     | Reached *** piety under Dithmenos
 10143 | D:10     | Reached skill level 5 in Fighting
 10252 | D:10     | Reached skill level 5 in Long Blades
 10277 | D:10     | Found a flagged portal.
 10314 | Bailey   | Entered a bailey
 10413 | Bailey   | Reached skill level 16 in Dodging
 10646 | Bailey   | Noticed Prince Ribbit
 10646 | Bailey   | Noticed a vault guard
 10652 | Bailey   | Killed Prince Ribbit
 10655 | Bailey   | Killed a vault guard
 10689 | Bailey   | Noticed a vault guard
 10759 | D:10     | Found a staircase to the Orcish Mines.
 10983 | D:10     | Reached **** piety under Dithmenos
 10984 | D:10     | Reached skill level 5 in Short Blades
 11131 | Lair:1   | Entered Level 1 of the Lair of Beasts
 11209 | Lair:1   | Noticed a death yak
 11211 | Lair:1   | Noticed a death yak
 11211 | Lair:1   | Noticed a death yak
 11301 | Lair:1   | Killed a death yak
 11314 | Lair:1   | a death yak changed into a shapeshifter
 11325 | Lair:1   | Killed a death yak
 11331 | Lair:1   | Reached skill level 17 in Dodging
 11921 | Lair:1   | Reached skill level 5 in Armour
 11925 | Lair:1   | Reached XP level 12. HP: 57/60 MP: 17/17
 12098 | Lair:1   | Noticed Amaemon
 12101 | Lair:1   | Killed Amaemon
 12504 | Lair:2   | Reached skill level 18 in Dodging
 12694 | Lair:2   | Reached ***** piety under Dithmenos
 12728 | Lair:2   | Noticed a catoblepas
 12781 | Lair:2   | Killed a catoblepas
 12944 | Lair:2   | Noticed a seven-headed hydra
 12948 | Lair:2   | Killed a seven-headed hydra
 12949 | Lair:2   | Reached skill level 5 in Shields
 13018 | Lair:2   | Noticed an eight-headed hydra
 13025 | Lair:2   | Killed an eight-headed hydra
 13783 | Lair:3   | Found a staircase to the Snake Pit.
 13829 | Lair:3   | Reached XP level 13. HP: 65/65 MP: 18/18
 13889 | Lair:3   | HP: 1/65 [skyshark (3)]
 14546 | Lair:3   | Noticed Sonja
 14553 | Lair:3   | Killed Sonja
 14621 | Lair:3   | Found a staircase to the Shoals.
 15257 | Lair:4   | Reached skill level 19 in Dodging
 15510 | Lair:4   | Reached skill level 15 in Evocations
 15618 | Lair:4   | Reached skill level 15 in Stealth
 15873 | Lair:4   | Upgraded the game from 0.30-a0-924-g0ad0bf95bc to
                  | 0.30-a0-930-gb9d0489357
 16073 | Lair:5   | Entered Level 5 of the Lair of Beasts
 16508 | Lair:5   | Reached XP level 14. HP: 62/72 MP: 19/19
 16565 | Lair:5   | Identified the +9 spear "Dioxal" {freeze, rN+ Str-4 Int+2}
 16584 | Lair:4   | Reached ****** piety under Dithmenos
 17172 | Lair:5   | Paralysed by a floating eye for 4 turns
 17507 | Shoals:1 | Entered Level 1 of the Shoals
 17964 | Shoals:1 | HP: 5/108 [merfolk/+0 trident (8)]
 17968 | Shoals:1 | Slain by a merfolk

Illustrated notes

Levels and vault maps discovered:
D:1:      minmay_arrival_loop, layout_basic, ebering_ecumenical_altar_webs,
          moated_statue, minmay_tetromino_s2
D:2:      minmay_angry_zag, layout_basic, serial_shops,
          nicolae_shop_behind_doors, nicolae_shop_bloodbath_and_beyond,
          minmay_cut_off
D:3:      kennysheep_slugbush, layout_basic, uniq_sigmund, uniq_terence
D:4:      layout_layer_cave, gammafunk_temple_overflow_claw,
          nicolae_tso_besieged_by_evil, minivault_24, uniq_grinder
D:5:      layout_loops_ring, mainiacjoe_overflow_small_starburst,
          minmay_temple_entry_grid, minmay_misc_feat_square
D:6:      cheibrodos_iron_armory, layout_basic, bloody_trog, marbit_many_paths,
          serial_shops, shop, shop, biasface_ghost_orc_armoury,
          minmay_manual_mares
D:7:      erik_cavepeople, layout_basic
D:8:      layout_gridville, nicolae_uskayaw_dance_hall
D:9:      layout_loops_corners, grunt_qazlal_clouds,
          gammafunk_ghost_berserking_beasts, uniq_psyche, uniq_pikel
D:10:     layout_loops_ring, grunt_temple_overflow_opulence,
          erik_lair_orcish_takeover, orc_0_dummy, enter_bailey_5
Temple:   hellmonk_temple_divided_pantheon
Lair:1:   layout_cave_pods, nicolae_quartered_pool_little, grunt_megastairs_3,
          uniq_amaemon, uniq_urug
Lair:2:   layout_roguey, infiniplex_staircase_pool_2
Lair:3:   layout_cave_pods, elwin_shoals_entry_rooms,
          guppyfry_snake_entry_island, uniq_sonja
Lair:4:   layout_long_grid, lemuel_old_faithful
Lair:5:   hellmonk_lair_end_abyssal_woods, layout_misc_corridors,
          dpeg_slime_entry_enclosed, minivault_11
Shoals:1: layout_shoals, nicolae_shoals_wave_tunnel

Skill      XL: |  1  2  3  4  5  6  7  8  9 10 11 12 13 14 |
---------------+-------------------------------------------+-----
Fighting       | 1 2 3 4 5 6 7 |  7.3
Stealth        | 2 3 4 5 7 8 10 11 13 15 16 | 16.5
Dodging        | 4 5 7 8 10 12 14 15 17 18 19 | 19.9
Evocations     | 5 6 7 9 10 11 12 14 15 16 | 16.2
Armour         | 1 2 3 4 5 6 |  6.6
Shields        | 1 2 3 4 5 6 |  6.2
Long Blades    | 1 3 4 6 7 8 9 |  9.0
Short Blades   | 1 3 4 5 6 7 |  7.1
Spellcasting   | 1 3 |  3.1
Poison Magic   | 1 2 |  2.2

Action                     |  1- 3 |  4- 6 |  7- 9 | 10-12 | 13-15 || total
---------------------------+-------+-------+-------+-------+-------++-------
  Melee: Short sword       |   145 |   233 |    98 |       |   718 ||  1194
         Club              |     8 |       |       |       |       ||     8
         Punch             |     1 |     2 |       |       |       ||     3
         Dagger            |       |       |   226 |   826 |    70 ||  1122
  Throw: Dart              |       |       |       |    19 |       ||    19
 Invoke: Unearth Wretches  |     1 |       |       |       |       ||     1
         Renounce Religion |     1 |       |       |       |       ||     1
  Evoke: Wand              |     4 |    12 |       |     1 |     7 ||    24
         Condenser vane    |       |       |       |     1 |     1 ||     2
         Phial of floods   |       |       |       |       |     2 ||     2
    Use: Scroll            |     2 |     7 |       |     6 |     5 ||    20
         Potion            |       |       |       |       |     3 ||     3
   Stab: Sleeping          |     5 |     9 |    11 |    35 |    22 ||    82
         Paralysed         |     2 |       |       |     2 |       ||     4
         Petrifying        |       |       |       |     1 |       ||     1
         Distracted        |       |       |       |     4 |     2 ||     6
         Petrified         |       |       |       |     4 |     1 ||     5
         Confused          |       |       |       |     3 |     1 ||     4
 Armour: Robe              |     6 |    13 |    21 |    19 |    27 ||    86
         Skin              |       |       |       |       |     6 ||     6
  Dodge: Dodged            |   147 |   157 |   238 |   522 |   556 ||  1620
  Block: Buckler           |       |    19 |    81 |   219 |   279 ||   598
         Reflection        |       |     1 |     1 |     6 |     8 ||    16

Table legend: (Time is in decaauts)
 A = Elapsed time spent in this place.
 B = Non-inter-level travel time spent in this place.
 C = Inter-level travel time spent in this place.
 D = Time resting spent in this place.
 E = Time spent auto-exploring this place.
 F = Levels seen in this place.
 G = Mean time per level.
                   A        B        C        D        E       F      G
               +--------+--------+--------+--------+--------+-----+--------+
         Total |  13095 |  12638 |    457 |    693 |   8157 |  18 |  727.5 |
       Dungeon |   7759 |   7448 |    311 |    228 |   5192 |  10 |  775.9 |
        Temple |     80 |     74 |      6 |      0 |     40 |   1 |   80.0 |
          Lair |   4596 |   4459 |    137 |    274 |   2760 |   5 |  919.2 |
        Shoals |    334 |    334 |      0 |     17 |    129 |   1 |  334.0 |
        Bailey |    325 |    325 |      0 |    174 |     35 |   1 |  325.0 |
               +--------+--------+--------+--------+--------+-----+--------+

Top non-repeatable levels by time:
  Lair:4: 1231 daAuts
  Lair:2: 1073 daAuts
  Lair:3: 1046 daAuts
     D:2: 1024 daAuts
     D:5: 939 daAuts
     D:3: 909 daAuts
     D:4: 831 daAuts
     D:9: 810 daAuts
     D:8: 805 daAuts
  Lair:1: 749 daAuts
     D:6: 738 daAuts
     D:1: 574 daAuts
    D:10: 570 daAuts
     D:7: 553 daAuts
  Lair:5: 495 daAuts
